 Dungeon Crawl Stone Soup version 0.20.1-1-g8b1a95d (webtiles) character file.

72 robba the Conjurer (level 4, 0/33 HPs)
             Began as a Draconian Conjurer on Aug 7, 2017.
             Slain by a worm (8 damage)
             ... on level 2 of the Dungeon.
             The game lasted 00:14:28 (1004 turns).

robba the Conjurer (Draconian Conjurer)             Turns: 1004, Time: 00:14:29

Health: 0/33       AC:  5    Str: 11    XL:     4   Next: 6%
Magic:  0/7        EV: 18    Int: 16    God:
Gold:   64         SH:  0    Dex: 16    Spells: 5/8 levels left

rFire    . . .     SeeInvis .   j - +0 dagger
rCold    . . .     Gourm    .   (no shield)
rNeg     . . .     Faith    .   (armour unavailable)
rPois    .         Spirit   .   (helmet restricted)
rElec    .         Reflect  .   (no cloak)
rCorr    .         Harm     .   (no gloves)
MR       .....                  (no boots)
Stlth    +++.......             (no amulet)
Regen    0.2/turn               (no ring)
MPRegen  0.1/turn               (no ring)

@: agile, hasted, very quick
A: unfitting armour, cold-blooded, AC +5
a: no special abilities


You were on level 2 of the Dungeon.
You were not hungry.

You visited 1 branch of the dungeon, and saw 2 of its levels.

You collected 64 gold pieces.

Inventory:

Hand Weapons
 j - a +0 dagger (weapon)
Missiles
 d - 37 stones (quivered)
 f - 19 arrows
Wands
 m - a wand of acid (0/15)
Scrolls
 g - a scroll of teleportation
Books
 a - a book of Conjurations

   Spells                             Type                      Level
   a - Magic Dart                     Conjuration                  1
   b - Searing Ray                    Conjuration                  2
   c - Dazzling Spray                 Conjuration/Hexes            3
   d - Fulminant Prism                Conjuration/Hexes            4
   e - Force Lance                    Conjuration/Translocation    4
   f - Iskenderun's Mystic Blast      Conjuration                  4
Comestibles
 b - 3 bread rations
 i - 2 chunks of flesh
 l - a meat ration


   Skills:
 + Level 0.2 Fighting
 + Level 2.0 Dodging
 + Level 2.1 Stealth
 + Level 2.5 Spellcasting
 + Level 5.0 Conjurations


You had 5 spell levels left.
You knew the following spells:

 Your Spells              Type           Power        Failure   Level  Hunger
a - Magic Dart            Conj           ###.         2%          1    #......
b - Searing Ray           Conj           ###...       3%          2    ##.....


Dungeon Overview and Level Annotations

Branches:
Dungeon (2/15)

Altars:


Innate Abilities, Weirdness & Mutations

Your plain brown scales are hard. (AC +5)
You cannot fit into any form of body armour.
You are cold-blooded and may be slowed by cold attacks.


Message History

Confirm with . or Enter, or press ? or * to list all spells.
Aiming: Magic Dart
Press: ? - help, Shift-Dir - straight line, f/p - worm
Aim: a worm (moderately wounded, inner flame)
The magic dart hits the worm.
The worm is moderately wounded.
The worm closely misses you.
You hit the worm.
The worm is moderately wounded.
You hit the worm.
The worm is heavily wounded.
You barely miss the worm. You tail-slap the worm.
The worm is heavily wounded.
The worm misses you.
You hit the worm.
The worm is heavily wounded.
You hit the worm.
The worm is severely wounded.
The worm bites you!
You die...

...%.. .......
..... ...
###)#######
#.........# #######
#.........#
.......##.........#
#.@w.........#
####....รท....#
#......>..#
#.........#
#.........#
###########


You could see a worm (inner flame).

Vanquished Creatures
  4 gnolls (D:2)
  2 leopard geckos
  3 giant cockroaches (D:1)
  2 goblins (D:2)
  3 hobgoblins (D:1)
  2 jackals (D:1)
  6 bats (D:1)
  3 frilled lizards (D:1)
  6 kobolds
  4 rats
35 creatures vanquished.

Notes
Turn   | Place    | Note
-------+----------+-------------------------------------------
     0 | D:1      | robba the Draconian Conjurer began the quest for the Orb.
     0 | D:1      | Reached XP level 1. HP: 14/14 MP: 3/3
     5 | D:1      | Noticed an electric eel
   174 | D:1      | Reached XP level 2. HP: 10/20 MP: 0/5
   178 | D:1      | Learned a level 2 spell: Searing Ray
   937 | D:2      | Reached XP level 3. HP: 25/26 MP: 0/6
   979 | D:2      | Reached skill level 5 in Conjurations
   984 | D:2      | Reached XP level 4. HP: 14/33 MP: 1/7
  1004 | D:2      | Slain by a worm

Skill      XL: |  1  2  3 |
---------------+----------+-----
Dodging        | 2 |  2.0
Stealth        | 2 |  2.1
Conjurations   | 5 |  5.0
Fighting       | |  0.2
Spellcasting   | |  2.5

Action                   |  1- 3 |  4- 6 || total
-------------------------+-------+-------++-------
Melee: Club              |    19 |       ||    19
       Dagger            |     6 |    11 ||    17
       Tailslap          |       |     4 ||     4
 Cast: Magic Dart        |    38 |     3 ||    41
       Searing Ray       |     7 |       ||     7
Evoke: Wand              |     4 |       ||     4
  Use: Scroll            |     4 |     1 ||     5
       Potion            |     1 |     2 ||     3
  Eat: Chunk             |     1 |       ||     1
Armor: Skin              |    19 |     2 ||    21
Dodge: Dodged            |    30 |     5 ||    35
